 Dungeon Crawl Stone Soup version 0.20.1-1-g8b1a95d (webtiles) character file.

16 Mgcat the Caller (level 2, -8/19 HPs)
             Began as a Barachi Summoner on Dec 23, 2017.
             Mangled by Crazy Yiuf
             ... wielding a +4 quarterstaff of chaos
              (10 damage)
             ... on level 2 of the Dungeon.
             The game lasted 00:07:56 (1521 turns).

Mgcat the Caller (Barachi Summoner)                 Turns: 1521, Time: 00:07:57

Health: -8/19      AC:  4    Str: 14    XL:     2   Next: 58%
Magic:  1/5        EV: 12    Int: 15    God:
Gold:   63         SH:  0    Dex: 12    Spells: 3/6 levels left

rFire    . . .     SeeInvis .   j - +0 dagger
rCold    . . .     Gourm    .   (no shield)
rNeg     . . .     Faith    .   a - +0 robe
rPois    .         Spirit   .   g - +0 helmet
rElec    .         Reflect  .   (no cloak)
rCorr    .         Harm     .   u - +0 pair of gloves
MR       .....                  (no boots)
Stlth    ++........             (no amulet)
Regen    0.1/turn               i - +5 ring of strength
MPRegen  0.1/turn               (no ring)

@: slow
A: +LOS, swims, slowness 1, strong legs 1
a: Hop


You were on level 2 of the Dungeon.
You were not hungry.

You visited 1 branch of the dungeon, and saw 2 of its levels.

You collected 63 gold pieces.

Inventory:

Hand Weapons
 j - a +0 dagger (weapon)
Armour
 a - a +0 robe (worn)
 g - a +0 helmet (worn)
 u - a +0 pair of gloves (worn)
Jewellery
 i - a +5 ring of strength (left hand)
Scrolls
 d - 2 scrolls of immolation {unknown}
 e - 2 scrolls of identify {unknown}
 f - 3 scrolls of enchant weapon {unknown}
 k - a scroll of enchant armour {unknown}
 m - a scroll of amnesia {unknown}
 p - 2 scrolls of remove curse {unknown}
 r - a scroll of random uselessness {unknown}
 t - 2 scrolls of teleportation {unknown}
Potions
 h - a potion of flight {unknown}
 l - 2 potions of curing {unknown}
 s - a potion of resistance {unknown}
 v - a potion of heal wounds {unknown}
Books
 b - a book of Callings

   Spells                             Type                      Level
   a - Summon Small Mammal            Summoning                    1
   b - Call Imp                       Summoning                    2
   c - Call Canine Familiar           Summoning                    3
   d - Summon Guardian Golem          Hexes/Summoning              3
   e - Summon Lightning Spire         Summoning/Air                4
   f - Summon Ice Beast               Ice/Summoning                4
Comestibles
 c - a bread ration
 n - 2 royal jellies
 o - 2 chunks of flesh
 q - a meat ration


   Skills:
 - Level 2.1 Dodging
 - Level 1.7 Stealth
 + Level 2.7 Spellcasting
 + Level 5.2 Summonings


You had 3 spell levels left.
You knew the following spells:

 Your Spells              Type           Power        Failure   Level  Hunger
a - Summon Small Mammal   Summ           ###.         2%          1    #......
b - Call Imp              Summ           ###.....     3%          2    ##.....


Dungeon Overview and Level Annotations

Branches:
Dungeon (2/15)

Altars:

Annotations:
D:2 Crazy Yiuf


Innate Abilities, Weirdness & Mutations

Shadows flee at your approach. (+LOS)
You can swim through water.
You cover ground slowly.
You can hop short distances.


Message History

Crazy Yiuf freezes you.
Your crimson imp hits Crazy Yiuf.
Your crimson imp closely misses Crazy Yiuf.
Your crimson imp hits Crazy Yiuf.
Crazy Yiuf closely misses you.
Your crimson imp blinks!
Your crimson imp hits Crazy Yiuf but does no damage.
Crazy Yiuf hits you with a quarterstaff of chaos!
* * * LOW HITPOINT WARNING * * *
Crazy Yiuf freezes you.
* * * LOW HITPOINT WARNING * * *
Your crimson imp hits Crazy Yiuf.
You swap places.
Your crimson imp misses Crazy Yiuf.
Crazy Yiuf closely misses you.
Your crimson imp blinks!
Your crimson imp closely misses Crazy Yiuf.
Your crimson imp barely misses Crazy Yiuf.
You swap places.
Crazy Yiuf hits you with a quarterstaff of chaos!
Ouch! That really hurt!
You die...

##.#
#.......#
#.##
#.#######
##.# #.#
##.## #.#
##...# #.#
#....# #.#
#...5# #.#
#...g###.#
#...5@...#
##...#####
#####


You could see Crazy Yiuf and 2 friendly crimson imps.

Vanquished Creatures
  A leopard gecko (D:1)
1 creature vanquished.

Vanquished Creatures (collateral kills)
  2 dart slugs (D:1)
  A leopard gecko (D:2)
  4 bats (D:1)
  2 goblins (D:1)
  3 hobgoblins
  3 kobolds (D:1)
  3 rats (D:1)
18 creatures vanquished.

Grand Total: 19 creatures vanquished

Notes
Turn   | Place    | Note
-------+----------+-------------------------------------------
     0 | D:1      | Mgcat the Barachi Summoner began the quest for the Orb.
     0 | D:1      | Reached XP level 1. HP: 13/13 MP: 3/3
   555 | D:1      | Reached skill level 5 in Summonings
   661 | D:1      | Reached XP level 2. HP: 19/19 MP: 1/5
  1036 | D:1      | Learned a level 2 spell: Call Imp
  1494 | D:2      | Found a runed door.
  1498 | D:2      | Noticed Crazy Yiuf
  1521 | D:2      | Mangled by Crazy Yiuf

Skill      XL: |  1 |
---------------+----+-----
Summonings     | 5 |  5.2
Dodging        | |  2.1
Stealth        | |  1.7
Spellcasting   | |  2.7

Action                   || total
-------------------------++-------
Melee: Dagger            ||     7
 Cast: Summon Small Mamm ||    17
       Call Imp          ||    10
  Eat: Chunk             ||     3
Armor: Robe              ||     6
Dodge: Dodged            ||    28
